 Dungeon Crawl Stone Soup version 0.31.0-11-ge490571c62 (webtiles) character file.

Game seed: 10376454563712843952

183244 Esekla the Eclecticist (level 17, -20/86 HPs)
             Began as a Spriggan Warper on Feb 3, 2024.
             Was a High Priest of Ashenzari.
             Killed from afar by a deep elf elementalist (36 damage)
             ... with a blast of rock fragments
             ... on level 3 of the Elven Halls on Feb 4, 2024.
             The game lasted 04:29:54 (35776 turns).

Esekla the Eclecticist (Spriggan Warper)           Turns: 35776, Time: 04:29:54

Health: -20/86     AC: 17    Str:  7    XL:     17   Next: 73%
Magic:  0/41       EV: 32    Int: 22    God:    Ashenzari [*****.]
Gold:   919        SH: 18    Dex: 16    Spells: 16/54 levels left

rFire   . . .        a - +1 dagger (protect)
rCold   + . .        P - +3 buckler "I Foresaw This" {rC+, Sorc, Bglg} (curse)
rNeg    . . .        W - +1 robe of Ashenzari's Omen {Regen+ Dex-5 Archmagi, Melee, Cun} (curse)
rPois   .            R - +2 hat of the Shattered Sky {Comp, Bglg} (curse)
rElec   .            G - +2 cloak of the Shattered Pleiades {Will+, Self, Melee} (curse)
rCorr   .            (gloves unavailable)
SInv    +            (boots unavailable)
Will    +++..        m - brooch of Shielding {Spirit SH+8, Elem, Melee} (curse)
Stlth   +++++++      Y - ring of the Octopus King {Fly HP+2 AC+2 EV+2 SH+2, Elem, Cun} (curse)
HPRegen 1.14/turn    D - ring of the Perceptive Sun {Dex+6, Cun, Sorc} (curse)
MPRegen 0.27/turn

%: clarity, guardian spirit, archmagi
@: under a protective aura, flying, very quick
A: very small, no large weapons, unfitting armour, see invisible, speed 3
a: Renounce Religion, Shatter the Chains


You were on level 3 of the Elven Halls.
You worshipped Ashenzari.
Ashenzari was extremely pleased with you.
You visited 6 branches of the dungeon, and saw 27 of its levels.
You also visited: Ice Cave.

You collected 3177 gold pieces.
You spent 2258 gold pieces at shops.

Inventory:

Hand Weapons
 a - a +1 dagger of protection (weapon)
 e - a +0 falchion of electrocution
 f - a +5 scimitar of flaming
 r - a +1 trident of venom
 v - a +1 dagger of venom
 w - a +0 scimitar of holy wrath
 O - a +2 dagger of freezing
Missiles
 p - 39 poisoned darts
 T - 16 boomerangs (quivered)
 V - 2 curare-tipped darts
Armour
 c - the +1 robe of Huprisy {Dex+3}
   (You bought it in a shop on level 3 of the Elven Halls)

   Dex+3:     It affects your dexterity (+3).
 G - the cursed +2 cloak of the Shattered Pleiades (worn) {Will+, Self, Melee}
   (You bought it in a shop on level 2 of the Orcish Mines)

   It has a curse which improves the following skills: Introspection: Fighting
   and Spellcasting.
   Melee Combat: Short Blades, Long Blades, Axes, Maces & Flails, Polearms,
   Staves and Unarmed Combat.
 P - the cursed +3 buckler "I Foresaw This" (worn) {rC+, Sorc, Bglg}
   (You found it in an ice cave)

   It has a curse which improves the following skills: Sorcery: Conjurations and
   Alchemy.
   Beguiling: Hexes and Translocations.
 R - the cursed +2 hat of the Shattered Sky (worn) {Comp, Bglg}
   (You took it off Gastronok on level 1 of the Lair of Beasts)

   It has a curse which improves the following skills: Companions: Summonings
   and Necromancy.
   Beguiling: Hexes and Translocations.
 W - the cursed +1 robe of Ashenzari's Omen (worn) {Regen+ Dex-5 Archmagi, Melee, Cun}
   (You found it on level 13 of the Dungeon)

   Dex-5:     It affects your dexterity (-5).
   Regen+:    It increases your rate of health regeneration.
   Archmagi:  It increases the power of your magical spells.
   It has a curse which improves the following skills: Melee Combat: Short
   Blades, Long Blades, Axes, Maces & Flails, Polearms, Staves and Unarmed
   Combat.
   Cunning:   Dodging and Stealth.
Magical Staves
 d - a staff of death
 M - a staff of conjuration
Jewellery
 i - a +6 ring of dexterity
 l - a ring of ice
 m - the cursed brooch of Shielding (around neck) {Spirit SH+8, Elem, Melee}
   (You found it on level 2 of the Dungeon)

   [amulet of guardian spirit]

   Spirit:    It causes incoming damage to be divided between your reserves of
   health and magic.
   SH+8:      It affects your SH (+8).
   It has a curse which improves the following skills: Elements: Fire Magic, Ice
   Magic, Air Magic and Earth Magic.
   Melee Combat: Short Blades, Long Blades, Axes, Maces & Flails, Polearms,
   Staves and Unarmed Combat.
 q - a ring of wizardry
 D - the cursed ring of the Perceptive Sun (right hand) {Dex+6, Cun, Sorc}
   (You found it on level 4 of the Dungeon)

   [ring of dexterity]

   Dex+6:     It affects your dexterity (+6).
   It has a curse which improves the following skills: Cunning: Dodging and
   Stealth.
   Sorcery:   Conjurations and Alchemy.
 I - a ring of protection from fire
 S - a +5 ring of evasion
 X - a ring of poison resistance
 Y - a cursed ring of the Octopus King (left hand) {Fly HP+2 AC+2 EV+2 SH+2, Elem, Cun}
   (You bought it in a shop on level 2 of the Orcish Mines)

   [ring of flight]

   AC+2:      It affects your AC (+2).
   EV+2:      It affects your evasion (+2).
   HP+2:      It affects your health (+2).
   Fly:       It grants you flight.
   SH+2:      It affects your SH (+2).
   It has a curse which improves the following skills: Elements: Fire Magic, Ice
   Magic, Air Magic and Earth Magic.
   Cunning:   Dodging and Stealth.
Wands
 s - a wand of mindburst (31)
 H - a wand of light (9)
 N - a wand of flame (13)
 Q - a wand of iceblast (26)
Scrolls
 h - 7 scrolls of teleportation
 j - 5 scrolls of amnesia
 n - 2 scrolls of enchant armour
 o - 9 scrolls of enchant weapon
 u - 3 scrolls of brand weapon
 y - 5 scrolls of revelation
 C - a scroll of silence
 E - 2 scrolls of poison
 F - 4 scrolls of fog
 Z - 2 scrolls of fear
Potions
 b - 2 potions of lignification
 g - 6 potions of enlightenment
 k - a potion of attraction
 t - 3 potions of mutation
 x - 4 potions of resistance
 z - 3 potions of magic
 A - 3 potions of haste
 B - 4 potions of might
 J - 3 potions of curing
 K - 14 potions of ambrosia
 L - 3 potions of heal wounds
 U - a potion of brilliance


   Skills:
 + Level 5.2(7.3) Fighting
 + Level 9.7(16.2) Short Blades
 + Level 10.9(15.7) Long Blades
 + Level 2.9 Throwing
 - Level 3.3 Armour
 * Level 15.3(19.4) Dodging
 + Level 16.1(20.1) Stealth
 - Level 4.4 Shields
 * Level 17.3(19.3) Spellcasting
 - Level 4.1(7.0) Conjurations
 - Level 2.9(4.7) Summonings
 + Level 7.0(9.2) Necromancy
 + Level 6.1(9.3) Translocations
 + Level 1.7(3.9) Fire Magic
 + Level 5.5(8.6) Ice Magic
 * Level 11.8(15.0) Air Magic
 * Level 1.7(3.9) Earth Magic
 + Level 9.9(13.1) Alchemy
 + Level 0.2 Evocations


You had 16 spell levels left.
You knew the following spells:

 Your Spells              Type           Power      Damage    Failure   Level
b - Blink                 Tloc           100%       N/A       1%          2
c - Mephitic Cloud        Conj/Alch/Air  83%        N/A       1%          3
d - Vampiric Draining     Necr           75%        2d11      1%          3
e - Searing Ray           Conj           100%       2d8       1%          2
h - Vhi's Electric Charg  Tloc/Air       100%       N/A       1%          4
k - Airstrike             Air            46%        2d(7-23)  1%          4
p - Apportation           Tloc           100%       N/A       1%          1
s - Summon Lightning Spi  Summ/Air       77%        N/A       1%          4
v - Mercury Vapours       Alch/Air       100%       N/A       1%          2
x - Olgreb's Toxic Radia  Alch           87%        N/A       1%          4
y - Sticky Flame          Fire/Alch      73%        2d12      1%          4
z - Freezing Cloud        Conj/Ice/Air   39%        6-21      1%          5

Your spell library contained the following spells:

 Spells                   Type           Power      Damage    Failure   Level
 Magic Dart               Conj           100%       1d8       1%          1
 Necrotise                Necr           100%       1d9       1%          1
 Shock                    Conj/Air       100%       1d9       1%          1
 Sting                    Conj/Alch      100%       1d9       1%          1
 Summon Small Mammal      Summ           100%       N/A       1%          1
 Cigotuvi's Dreadful Rot  Necr/Alch/Air  100%       N/A       1%          2
 Lesser Beckoning         Tloc           100%       N/A       1%          2
 Static Discharge         Conj/Air       100%       3-8/arc   1%          2
 Call Canine Familiar     Summ           59%        N/A       1%          3
 Gell's Gravitas          Tloc           76%        N/A       1%          3
 Hailstorm                Conj/Ice       70%        3d12      1%          3
 Stone Arrow              Conj/Erth      100%       3d13      1%          3
 Summon Ice Beast         Ice/Summ       66%        N/A       1%          3
 Swiftness                Air            92%        N/A       1%          3
 Teleport Other           Tloc           76%        N/A       1%          3
 Fulminant Prism          Conj/Alch      39%        3d17      1%          4
 Iskenderun's Mystic Bla  Conj/Tloc      72%        2d15      1%          4
 Manifold Assault         Tloc           76%        N/A       1%          4
 Passage of Golubria      Tloc           76%        N/A       1%          4
 Slow                     Hex            100%       N/A       3%          1
 Flame Wave               Conj/Fire      62%        2d14      3%          4
 Inner Flame              Hex/Fire       46%        N/A       4%          3
 Dimensional Bullseye     Hex/Tloc       29%        N/A       4%          4
 Summon Forest            Summ/Tloc      34%        N/A       5%          5
 Animate Armour           Summ/Erth      100%       N/A       6%          4
 Summon Blazeheart Golem  Fire/Summ      57%        N/A       6%          4
 Yara's Violent Unravell  Hex/Alch       33%        3d14      6%          5
 Sculpt Simulacrum        Ice/Alch       40%        N/A       6%          6
 Confusing Touch          Hex            34%        N/A       9%          3
 Sigil of Binding         Hex            34%        N/A       9%          3
 Tukima's Dance           Hex            34%        N/A       9%          3
 Dispersal                Tloc           38%        N/A       12%         6
 Lee's Rapid Deconstruct  Erth           27%        3d15*     21%         5
 Summon Mana Viper        Hex/Summ       49%        N/A       34%         5
 Summon Cactus Giant      Summ           29%        N/A       61%         6
 Malign Gateway           Summ/Tloc      34%        N/A       86%         7
 Disjunction              Tloc           38%        N/A       99%         8
 Lehudib's Crystal Spear  Conj/Erth      31%        10d8      100%        8


Dungeon Overview and Level Annotations

Branches:
Dungeon (15/15)            Temple (1/1) D:6            Lair (5/5) D:9
  Swamp (0/4) Lair:3        Snake (1/4) Lair:2        Slime (0/5) Lair:4
    Orc (2/2) D:12            Elf (3/3) Orc:2        Vaults (0/5) D:14
 Depths (0/4) D:15          IceCv (visited)

Altars:
Ashenzari
Cheibriados
Dithmenos
Elyvilon
Fedhas
Gozag
Hepliaklqana
Kikubaaqudgha
Makhleb
Nemelex Xobeh
Okawaru
Qazlal
Ru
Sif Muna
Trog
Uskayaw
Vehumet
Wu Jian
Xom
Yredelemnul
Zin
The Shining One
Jiyva
Lugonu

Shops:
D:4 :   D:5 [   D:8 (   D:15 *   Orc:2 ==*[   Elf:3 [

Portals:
Abyss: Lair:5
Trove: D:14 (give 8 potions of haste)

Annotations:
D:6 1 runed translucent door, Krumphau's ghost, novice MiFi
Elf:2 3 runed translucent doors, Ryff's ghost, adept OpSh


Innate Abilities, Weirdness & Mutations

You are very small and have problems with some larger weapons.
You are too small for most types of armour.
You have supernaturally acute eyesight. (SInv)
You cover ground extremely quickly. (Speed+++)


Message History

a +0 rapier; a +0 leather armour
Casting: Sticky Flame (mildly dangerous; 1% risk of failure)
Confirm with . or Enter, or press ? or * to list all spells.
You don't have enough magic to cast this spell.
Unknown command.
The deep elf blademaster looks as sick as possible!
The deep elf blademaster looks even sicker.
The deep elf annihilator looks even sicker.
The deep elf elementalist is engulfed in freezing vapours.
The deep elf blademaster barely misses you.
You block the deep elf blademaster's attack.
The deep elf blademaster looks as sick as possible!
Your toxic aura wanes.
The deep elf elementalist is engulfed in freezing vapours.
The deep elf elementalist gestures next to you while chanting.
The wall shatters!
The blast of rock fragments hits you!!!
* * * LOW HITPOINT WARNING * * *
Okay, then.
Okay, then.
Okay, then.
Okay, then.
Unknown command.
Press: ? - help, v - describe, . - travel
Here: a deep elf blademaster, wielding two +0 short swords and wearing a +0 leather armour (moderately wounded, extremely poisoned)
The floor, spattered with blood.
Unknown command.
Press: ? - help, v - describe, . - travel
Here: a deep elf blademaster, wielding two +0 short swords and wearing a +0 leather armour (moderately wounded, extremely poisoned)
The floor, spattered with blood.
The deep elf elementalist is engulfed in freezing vapours.
As you read the scroll of fear, it crumbles to dust.
You assume a fearsome visage.
The deep elf blademaster resists with almost no effort.
The deep elf demonologist resists with some effort.
The deep elf elementalist resists with almost no effort.
The deep elf blademaster looks frightened!
The deep elf blademaster resists with almost no effort.
The deep elf elementalist gestures next to you while chanting.
The wall shatters!
The blast of rock fragments hits you!!!
You die...

.# ##....# .####.....###
...[........####
.##.#..........#
..#.##.....###.#########
....###....# #....)....# ....#
##...###.#######.# ....#
#.........## *#.#* ..#.#
#..#.#.##@.# #...# .####
##########e####### ...#
***#.e)#*** ####
***∆∆#)e.#∆∆*** ##
***∆∆∆∆#...#∆∆∆∆*** .###
***∆∆∆∆∆*##e##*∆∆∆∆∆***
...#***∆∆,∆∆**#.)ee{#**∆,,,,***
.#.#*∆∆{∆,**#.{.)§§{..#**,,,,,*
##.#*∆∆∆**#...).)E...{..#*


You could see 3 deep elf blademasters, 2 deep elf elementalists and a deep elf
demonologist (empowered).

Vanquished Creatures
  A deep elf blademaster (Elf:2)
  A sphinx (D:14)
  Gastronok (Lair:1)
  Frances (D:12)
  Kirke (Snake:1)
  2 deep elf elementalists (Elf:3)
  5 deep elf sorcerers (Elf:3)
  5 deep elf demonologists
  2 deep elf death magi
  A deep elf annihilator (Elf:2)
  A yaktaur captain (D:14)
  4 deep elf high priests (Elf:3)
  2 fire dragons
  6 hydras
  A rakshasa (D:14)
  2 ogre magi
  An ice dragon (D:15)
  3 centaur warriors
  4 catoblepae
  3 boulder beetles
  30 dancing weapons
  5 two-headed ogres
  An anaconda (Snake:1)
  2 naga warriors (Snake:1)
  10 death yaks
  A shock serpent (Snake:1)
  4 thrashing horrors (Lair:5)
  6 orc high priests
  16 deep elf knights
  A skyshark (Lair:4)
  A shadow wraith (D:14)
  10 skeletal warriors
  2 deep trolls
  Lodul (D:13)
  2 arcanists (D:14)
  9 orc knights
  A lindwurm (D:14)
  4 deep elf archers
  21 deep elf pyromancers
  21 deep elf zephyrmancers
  7 ugly things
  4 manticores
  Maurice (D:10)
  6 cyclopes
  3 meliai (D:14)
  19 elephants
  A kobold blastminer (Orc:2)
  2 smoke demons (Lair:5)
  A naga mage (Snake:1)
  Joseph (D:10)
  2 black mambas (shapeshifter)
  4 black mambas
  A gargoyle (D:12)
  10 cane toads
  A torpor snail (Lair:5)
  A cane toad (shapeshifter) (Lair:5)
  4 kobold demonologists
  An efreet (D:13)
  2 rime drakes (Lair:5)
  6 komodo dragons
  A guardian mummy (D:14)
  A tengu conjurer (D:13)
  9 polar bears
  A queen bee (D:14)
  A troll (shapeshifter) (Lair:5)
  A polar bear (shapeshifter) (Elf:1)
  11 trolls
  2 queen bees (shapeshifter) (Elf:1)
  4 hornets
  7 dream sheep (Lair:5)
  A raiju (Lair:5)
  23 blink frogs
  2 glass eyes (D:14)
  2 glass eyes (shapeshifter)
  Sigmund (D:3)
  115 yaks
  A water elemental (Elf:1)
  A nameless horror (Lair:1)
  A wyvern (Lair:4)
  9 slime creatures
  2 air elementals
  A fire elemental (Elf:1)
  A wraith (D:13)
  A ynoxinul (Lair:5)
  6 hogs (Snake:1)
  7 basilisks
  3 fire bats (Lair:1)
  A steam dragon (shapeshifter) (Elf:2)
  A redback (shapeshifter) (D:14)
  4 vampire mosquitoes
  A death yak simulacrum (Lair:1)
  5 wargs
  3 swamp worms (Lair:3)
  A chaos spawn (Lair:5)
  4 nagas
  3 acid dragons
  15 water moccasins
  4 ice beasts
  4 black bears
  32 orc warriors
  A black bear (shapeshifter) (Elf:1)
  A laughing skull (D:14)
  11 small abominations (Lair:5)
  20 ogres
  44 wolves
  8 centaurs
  A phantom (D:6)
  3 earth elementals
  5 kobold brigands
  16 bullfrogs
  2 scorpions
  A cane toad simulacrum (Lair:1)
  4 gnoll sergeants
  3 wights (D:8)
  21 killer bees (D:14)
  9 howler monkeys
  4 electric eels
  Crazy Yiuf (D:3)
  3 gnoll boudas (D:11)
  34 orc priests
  4 hounds
  4 jellies
  2 sleepcaps (D:5)
  Terence (D:3)
  4 iguanas
  18 orc wizards
  Natasha (thrice) (D:3)
  Robin (D:3)
  26 gnolls
  8 adders
  A shadow imp (D:7)
  3 dart slugs
  4 ribbon worms
  63 orcs
  7 ball pythons
  8 endoplasms
  3 giant cockroaches
  12 goblins
  7 hobgoblins
  5 jackals
  34 kobolds
  5 quokkas
  4 bats
  4 frilled lizards
  7 rats
  2 butterflies (Lair:1)
997 creatures vanquished.

Vanquished Creatures (collateral kills)
  A deep elf archer (Elf:3)
  A naga (Lair:2)
  2 elephant simulacra (Lair:1)
4 creatures vanquished.

Vanquished Creatures (others)
  A deep elf pyromancer (D:14)
  A centaur (D:14)
2 creatures vanquished.

Grand Total: 1003 creatures vanquished

Notes
Turn   | Place    | Note
-------+----------+-------------------------------------------
     0 | D:1      | Esekla the Spriggan Warper began the quest for the Orb.
     0 | D:1      | Reached XP level 1. HP: 10/10 MP: 5/5
    99 | D:1      | Reached skill level 3 in Spellcasting
   213 | D:1      | Reached XP level 2. HP: 14/14 MP: 7/7
   218 | D:1      | Learned a level 2 spell: Blink
   577 | D:1      | Reached XP level 3. HP: 17/18 MP: 8/8
   843 | D:2      | Found the brooch of Shielding {Spirit SH+8}
   910 | D:1      | Learned a level 2 spell: Mercury Vapours
  1264 | D:3      | Found a faded altar of an unknown god.
  1314 | D:3      | Reached XP level 4. HP: 11/23 MP: 1/10
  1494 | D:3      | Noticed Terence
  1618 | D:3      | Noticed Natasha
  1644 | D:3      | Killed Natasha
  1840 | D:3      | Killed Terence
  1887 | D:3      | Found a runed translucent door.
  1888 | D:3      | Noticed Crazy Yiuf
  2102 | D:3      | Reached XP level 5. HP: 26/26 MP: 11/11
  2127 | D:3      | Noticed Natasha
  2153 | D:3      | Reached skill level 1 in Stealth
  2153 | D:3      | Reached skill level 1 in Alchemy
  2179 | D:3      | Killed Natasha
  2180 | D:3      | Reached skill level 1 in Air Magic
  2249 | D:3      | Identified the -1 helmet of Kiomm {rC+ Int+4 Dex+2}
  2249 | D:3      | Noticed Robin
  2274 | D:3      | Noticed Natasha
  2281 | D:3      | Killed Robin
  2309 | D:3      | Killed Natasha
  2441 | D:3      | Reached skill level 1 in Shields
  2500 | D:3      | Noticed Sigmund
  2653 | D:4      | Learned a level 1 spell: Apportation
  2735 | D:4      | Reached XP level 6. HP: 28/30 MP: 12/12
  2821 | D:4      | Found Vuehi's Book Boutique.
  2829 | D:4      | Learned a level 3 spell: Mephitic Cloud
  3042 | D:4      | Reached skill level 4 in Spellcasting
  3396 | D:5      | Entered Level 5 of the Dungeon
  3564 | D:5      | Reached XP level 7. HP: 35/35 MP: 14/14
  3614 | D:5      | Reached skill level 1 in Conjurations
  4031 | D:5      | Reached skill level 5 in Dodging
  4202 | D:5      | Found Zuudyil's Antique Armour Emporium.
  4516 | D:6      | Found a runed translucent door.
  4516 | D:6      | Noticed Krumphau's ghost (novice MiFi)
  4635 | D:6      | Found a staircase to the Ecumenical Temple.
  4721 | D:7      | Reached XP level 8. HP: 39/39 MP: 15/15
  4742 | D:7      | Found a stormy altar of Qazlal.
  4743 | D:7      | Noticed an air elemental
  5001 | Temple   | Entered the Ecumenical Temple
  5113 | Temple   | Became a worshipper of Ashenzari the Shackled
  5413 | D:3      | Killed Crazy Yiuf
  5766 | D:3      | Killed Sigmund
  5767 | D:3      | Reached skill level 5 in Short Blades
  5767 | D:3      | Reached skill level 5 in Spellcasting
  5877 | D:6      | Reached skill level 5 in Translocations
  6412 | D:6      | Reached XP level 9. HP: 43/43 MP: 17/17
  7411 | D:8      | Found Axaut's Weapon Emporium.
  7781 | D:9      | Reached * piety under Ashenzari
  7815 | D:9      | Identified the +0 leather armour of Negligence {*Slow
                  | Regen+ Dex+3}
  7968 | D:9      | Reached skill level 1 in Long Blades
  7968 | D:9      | Reached skill level 6 in Spellcasting
  8020 | D:9      | Learned a level 4 spell: Airstrike
  8046 | D:9      | Noticed a troll
  8047 | D:9      | Killed a troll
  8048 | D:9      | Reached skill level 5 in Stealth
  8048 | D:9      | Noticed a troll
  8085 | D:9      | Reached XP level 10. HP: 32/48 MP: 12/20
  8164 | D:9      | Noticed a two-headed ogre
  8333 | D:9      | Found a staircase to the Lair.
  8500 | D:9      | Killed a two-headed ogre
  8501 | D:9      | Reached skill level 7 in Spellcasting
  8790 | Lair:1   | Entered Level 1 of the Lair of Beasts
  8864 | Lair:1   | Reached skill level 5 in Air Magic
  8883 | Lair:1   | Learned a level 4 spell: Vhi's Electric Charge
  8888 | Lair:1   | Learned a level 4 spell: Olgreb's Toxic Radiance
  8892 | Lair:1   | Found a frozen archway.
  8932 | Lair:1   | Identified the +4 hand axe "Impbane" {heavy, Dex+4}
  8957 | IceCv    | Entered an ice cave
  9031 | IceCv    | Reached XP level 11. HP: 47/52 MP: 17/23
  9310 | IceCv    | Noticed a death yak
  9314 | IceCv    | Noticed a frost giant
  9315 | IceCv    | Noticed a death yak
  9343 | IceCv    | Reached skill level 8 in Spellcasting
  9419 | IceCv    | Killed a death yak
  9460 | IceCv    | Reached skill level 10 in Dodging
  9473 | IceCv    | Reached skill level 5 in Alchemy
  9502 | IceCv    | Noticed a death yak
  9510 | IceCv    | Noticed a death yak
  9626 | IceCv    | Killed a death yak
  9627 | IceCv    | Reached skill level 5 in Long Blades
  9770 | IceCv    | Noticed a death yak
  9770 | IceCv    | Noticed a death yak
  9771 | IceCv    | Noticed a death yak
  9791 | IceCv    | Killed a death yak
  9792 | IceCv    | Reached skill level 9 in Spellcasting
  9810 | IceCv    | Killed a death yak
  9815 | IceCv    | Killed a death yak
  9817 | IceCv    | Killed a death yak
  9834 | IceCv    | Reached ** piety under Ashenzari
  9944 | Lair:1   | Noticed Gastronok
 10003 | Lair:1   | Killed Gastronok
 10004 | Lair:1   | Reached XP level 12. HP: 46/58 MP: 20/27
 10248 | Lair:1   | Reached skill level 10 in Stealth
 10414 | Lair:1   | Learned a level 5 spell: Freezing Cloud
 10419 | Lair:1   | Learned a level 4 spell: Summon Lightning Spire
 10565 | Lair:1   | Reached skill level 10 in Spellcasting
 11332 | Lair:2   | Reached skill level 1 in Summonings
 11466 | Lair:2   | Reached *** piety under Ashenzari
 11761 | Lair:1   | Reached skill level 1 in Ice Magic
 12144 | Lair:2   | Reached **** piety under Ashenzari
 12294 | Lair:2   | Found a staircase to the Snake Pit.
 12638 | Lair:3   | Reached skill level 11 in Spellcasting
 12777 | Lair:3   | Noticed a catoblepas
 12809 | Lair:3   | Killed a catoblepas
 12810 | Lair:3   | Reached XP level 13. HP: 37/64 MP: 4/30
 13849 | Lair:3   | Found a staircase to the Swamp.
 14895 | Lair:4   | Found a staircase to the Slime Pits.
 14895 | Lair:4   | Found a viscous altar of Jiyva.
 15649 | D:10     | Entered Level 10 of the Dungeon
 15669 | D:9      | Learned a level 2 spell: Searing Ray
 15741 | D:10     | Found an ancient bone altar of Kikubaaqudgha.
 15746 | D:10     | Noticed Maurice
 15749 | D:10     | Killed Maurice
 15816 | D:10     | Reached skill level 12 in Spellcasting
 15869 | D:10     | Noticed Joseph
 15884 | D:10     | Killed Joseph
 17455 | D:11     | Reached XP level 14. HP: 69/69 MP: 30/33
 18396 | D:12     | Noticed Frances
 18892 | D:12     | Found a staircase to the Orcish Mines.
 18978 | D:12     | Killed Frances
 19067 | Orc:1    | Entered Level 1 of the Orcish Mines
 19215 | Orc:1    | Reached skill level 1 in Armour
 19431 | Orc:1    | Found a shimmering blue altar of Sif Muna.
 19433 | Orc:1    | Identified Sif Muna's Treatise on the Quarry
 19709 | Orc:2    | Entered Level 2 of the Orcish Mines
 19778 | Orc:2    | Found a staircase to the Elven Halls.
 20766 | Orc:2    | Reached skill level 1 in Necromancy
 20996 | Orc:2    | Reached skill level 13 in Spellcasting
 21119 | Orc:2    | Found Ogovuga's Armour Shop.
 21120 | Orc:2    | Found Iraplauk's Jewellery Boutique.
 21120 | Orc:2    | Found Teugg's General Store.
 21121 | Orc:2    | Found Muminys's Jewellery Shop.
 21201 | Orc:2    | Reached ***** piety under Ashenzari
 21204 | Orc:2    | Bought a +2 cloak of willpower for 279 gold pieces
 21212 | Orc:2    | Bought a ring of the Octopus King {Fly HP+2 AC+2 EV+2 SH+2}
                  | for 700 gold pieces
 21212 | Orc:2    | Found the ring of the Octopus King {Fly HP+2 AC+2 EV+2
                  | SH+2}
 21522 | D:4      | Bought a book of Debilitation for 280 gold pieces
 21526 | D:4      | Learned a level 3 spell: Vampiric Draining
 21759 | Lair:5   | Entered Level 5 of the Lair of Beasts
 22467 | Lair:5   | Reached skill level 5 in Ice Magic
 22467 | Lair:5   | Reached XP level 15. HP: 70/70 MP: 33/33
 23360 | Lair:5   | Reached skill level 10 in Long Blades
 23655 | Lair:5   | Identified the +2 pair of gloves of Etow Feinyl {+Inv rC+
                  | Str+2}
 24542 | Lair:5   | Found a corrupted altar of Lugonu.
 24542 | Lair:5   | Found a one-way gate to the infinite horrors of the Abyss.
 25631 | D:13     | Noticed Lodul
 25641 | D:13     | Killed Lodul
 25769 | D:13     | Reached skill level 14 in Spellcasting
 26001 | D:13     | Identified the +1 robe of Henotheism {Regen+ Dex-5
                  | Archmagi}
 27100 | D:4      | Bought a book of Flames for 280 gold pieces
 27105 | D:4      | Learned a level 4 spell: Sticky Flame
 27272 | D:7      | Identified the +0 leather armour of Negligence {*Slow
                  | Regen+ Dex+3}
 27727 | D:14     | Reached skill level 10 in Air Magic
 27748 | D:14     | Found a portal to a secret trove of treasure.
 27995 | D:14     | Reached XP level 16. HP: 79/79 MP: 37/37
 28167 | D:14     | Found a gate to the Vaults.
 28310 | D:14     | Reached skill level 5 in Necromancy
 28596 | D:14     | Noticed a sphinx
 28601 | D:14     | Killed a sphinx
 28698 | D:15     | Entered Level 15 of the Dungeon
 28736 | D:15     | Found Cilelus's General Store.
 28975 | D:15     | Found a staircase to the Depths.
 29104 | D:15     | Found a radiant altar of Vehumet.
 29306 | D:15     | Reached skill level 15 in Spellcasting
 29729 | Elf:1    | Entered Level 1 of the Elven Halls
 29829 | Elf:1    | Reached skill level 5 in Fighting
 30157 | Elf:1    | Reached skill level 15 in Stealth
 30231 | Elf:1    | Identified the Precepts of the Gathering
 30721 | Elf:1    | Identified the Writings on the Non-Euclidean Panacea
 31163 | Snake:1  | Entered Level 1 of the Snake Pit
 31316 | Snake:1  | Noticed Kirke
 31339 | Snake:1  | Killed Kirke
 32063 | Elf:2    | Reached skill level 1 in Fire Magic
 32312 | Elf:2    | Found a runed translucent gate.
 32312 | Elf:2    | Found a runed translucent gate.
 32312 | Elf:2    | Found a runed translucent gate.
 32313 | Elf:2    | Noticed Ryff's ghost (adept OpSh)
 32313 | Elf:2    | Identified the +0 cloak of the Cuttlefish {Int+3}
 32333 | Elf:2    | Found a runed translucent gate.
 32580 | Elf:2    | Reached skill level 16 in Spellcasting
 33023 | Elf:2    | Reached XP level 17. HP: 84/84 MP: 31/40
 33206 | Elf:2    | Found a runed translucent gate.
 33207 | Elf:2    | Found a runed translucent gate.
 33862 | Elf:2    | Noticed a deep elf blademaster
 33913 | Elf:2    | Killed a deep elf blademaster
 34097 | Elf:2    | Reached skill level 15 in Dodging
 34312 | Elf:2    | Identified the blade talisman "Seycog" {Str+3}
 34558 | Elf:3    | Entered Level 3 of the Elven Halls
 35234 | Elf:3    | Reached skill level 17 in Spellcasting
 35495 | Elf:3    | Found Cemeich's Antique Armour Shoppe.
 35501 | Elf:3    | Bought a fading robe for 159 gold pieces
 35501 | Elf:3    | Identified the +1 robe of Huprisy {Dex+3} (You bought it in
                  | a shop on level 3 of the Elven Halls)
 35501 | Elf:3    | Bought a steaming troll leather armour for 560 gold pieces
 35501 | Elf:3    | Identified the +0 troll leather armour "Viath" {rC+ Regen+}
                  | (You bought it in a shop on level 3 of the Elven Halls)
 35756 | Elf:3    | Reached skill level 1 in Earth Magic
 35760 | Elf:3    | Noticed a deep elf blademaster
 35763 | Elf:3    | Noticed a deep elf blademaster
 35763 | Elf:3    | Noticed a deep elf blademaster
 35764 | Elf:3    | Noticed a deep elf master archer
 35776 | Elf:3    | Killed from afar by a deep elf elementalist

Illustrated notes

Levels and vault maps discovered:
D:1:      nzn_arrival_depleted_hourglass, layout_loops_ring
D:2:      layout_rooms, grunt_decor_arrowhead
D:3:      layout_loops_corners, ebering_ecumenical_altar_abandoned,
          minmay_cut_off, uniq_terence, uniq_robin, uniq_sigmund, uniq_natasha,
          uniq_crazy_yiuf_cottage
D:4:      cheibrodos_barr_body, layout_loops_ring, serial_shops, shop,
          minmay_misc_feat_rows, chequers_jeans
D:5:      cheibrodos_helix_gallery, layout_loops_corners, serial_shops, shop
D:6:      layout_loops_ring, minmay_temple_entry_from_below_a,
          ebering_ghost_reflecting_pool
D:7:      layout_basic, nicolae_qazlal_style_of_elements
D:8:      layout_basic, serial_shops, nicolae_shop_tiny_statue_garden,
          grunt_decor_resistance
D:9:      layout_basic, erik_lair_island
D:10:     lemuel_troll_bridge, layout_long_grid, kiku_gazebo_garden_becter,
          uniq_joseph, uniq_maurice
D:11:     kennysheep_seaside_town, layout_loops_ring
D:12:     layout_loops_corners, orc_0_dummy, serial_glass, glass_columns_a,
          glass_columns_a, serial_bayou_pond_c, uniq_frances
D:13:     layout_grid_maze, minmay_microvault, uniq_lodul
D:14:     minmay_diamond_stairs, layout_long_grid, david_vaults_4,
          nicolae_trove_entry_path_of_doom, special_room [special_room_bee],
          onia_ninara_cookie
D:15:     grunt_enter_depths_hoard, layout_basic, serial_shops, shop,
          hangedman_decor_clover_reticule, nicolae_vehumet_altar_sigil
Temple:   nicolae_temple_slightly_damp_pantheon
Lair:1:   layout_regular_city, portal_ice_cave_entry_ice_simulacra,
          nicolae_volcano_entry_batcave, lemuel_fruit_fields,
          serial_bayou_shore_b, uniq_gastronok
Lair:2:   layout_layer_cave, nicolae_snake_entry_squirm, grunt_megastairs_1
Lair:3:   layout_small_grid, minmay_swamp_entry_worms, lemuel_fruit_tree,
          serial_bayou_shore_a, infiniplex_staircase_pool_2
Lair:4:   layout_cave_pods, slime_entry_1
Lair:5:   hellmonk_lair_end_abyssal_woods, layout_layer_cave, grunt_megastairs_3
Snake:1:  layout_gridlike, uniq_kirke, uniq_louise
Orc:1:    layout_diamond_mine, led_sif_book
Orc:2:    st_orc_pillars, layout_caves
Elf:1:    nicolae_elf_arrival_fired_up, layout_geoelf_octagon,
          nicolae_elf_shapeshifter_party, minmay_elf_demonology
Elf:2:    elven_hall_of_blades_hangedman_original [nicolae_blade_bullseye],
          layout_onion_city, gammafunk_ghost_tricky_traps
Elf:3:    minmay_elf_hall_not_hex, layout_loops_corners, serial_shops, shop

Skill      XL: |  1  2  3  4  5  6  7  8  9 10 11 12 13 14 15 16 17 |
---------------+----------------------------------------------------+-----
Spellcasting   | 3 4 5 6 7 9 11 12 13 14 16 17 | 17.3
Short Blades   | 3 4 5 6 7 8 9 |  9.7
Stealth        | 1 2 4 5 6 9 10 11 12 14 15 16 | 16.1
Alchemy        | 1 2 3 4 5 6 7 8 9 |  9.9
Fighting       | 2 3 4 5 |  5.2
Air Magic      | 1 2 4 5 6 7 8 9 10 11 | 11.8
Dodging        | 4 5 6 7 9 10 11 12 13 14 15 | 15.3
Shields        | 1 2 3 4 |  4.4
Conjurations   | 1 2 3 4 |  4.1
Translocations | 5 6 |  6.1
Long Blades    | 1 4 6 7 8 9 10 | 10.9
Throwing       | 2 |  2.9
Summonings     | 2 |  2.9
Ice Magic      | 1 3 5 |  5.5
Armour         | 2 3 |  3.3
Necromancy     | 2 4 6 7 |  7.0
Fire Magic     | 1 |  1.7
Earth Magic    | 1 |  1.7
Evocations     | |  0.2

Action                     |  1- 3 |  4- 6 |  7- 9 | 10-12 | 13-15 | 16-18 || total
---------------------------+-------+-------+-------+-------+-------+-------++-------
  Melee: Short sword       |   108 |   204 |   369 |   455 |   421 |       ||  1557
         Dagger            |     9 |    14 |    55 |    20 |   550 |   364 ||  1012
         Punch             |       |     1 |       |       |       |       ||     1
         Falchion          |       |       |       |     4 |   201 |    10 ||   215
         Scimitar          |       |       |       |       |   127 |    62 ||   189
  Throw: Dart              |       |     9 |    11 |    16 |    26 |     1 ||    63
         Boomerang         |       |       |       |       |    12 |    12 ||    24
   Cast: Mercury Vapours   |     1 |     4 |     1 |    26 |    42 |    15 ||    89
         Blink             |     1 |     3 |     4 |     8 |     3 |     5 ||    24
         Mephitic Cloud    |       |       |       |    26 |    87 |    58 ||   171
         Apportation       |       |       |       |     3 |    10 |     1 ||    14
         Airstrike         |       |       |       |    26 |    19 |    76 ||   121
         Olgreb's Toxic Ra |       |       |       |    18 |    73 |    26 ||   117
         Summon Lightning  |       |       |       |     4 |     1 |     1 ||     6
         Freezing Cloud    |       |       |       |     2 |    27 |    17 ||    46
         Vampiric Draining |       |       |       |       |     4 |     2 ||     6
         Sticky Flame      |       |       |       |       |     6 |    22 ||    28
 Invoke: Curse Item        |       |       |     2 |     4 |     3 |     2 ||    11
         Shatter the Chain |       |       |       |     1 |     3 |       ||     4
  Evoke: Wand              |       |       |       |     3 |       |       ||     3
    Use: Scroll            |       |     3 |     5 |     3 |     2 |     3 ||    16
         Potion            |       |       |       |     2 |       |     1 ||     3
   Stab: Sleeping          |     1 |     5 |     9 |    15 |    43 |    19 ||    92
         Distracted        |       |       |     2 |     2 |     7 |     3 ||    14
         Confused          |       |       |       |    49 |   124 |    72 ||   245
 Armour: Robe              |    28 |    40 |    47 |    58 |    55 |    76 ||   304
         Troll leather arm |       |       |       |       |    80 |       ||    80
  Dodge: Dodged            |    48 |    97 |   135 |   169 |   504 |   178 ||  1131
  Block: Other             |     4 |    31 |       |       |       |       ||    35
         Buckler           |       |    48 |   187 |   226 |   776 |   203 ||  1440
